 Dungeon Crawl Stone Soup version 0.28.0-43-g3370ac3207 (webtiles) character file.

Game seed: 13595703470070169438

25033 themarg the Cleaver (level 12, -5/168 HPs)
             Began as a Minotaur Berserker on Mar 25, 2022.
             Was a High Priest of Trog.
             Slain by a skeletal warrior
             ... wielding a +0 trident
             ... led by a skeletal warrior
              (9 damage)
             ... on level 11 of the Dungeon.
             The game lasted 00:46:41 (14334 turns).

themarg the Cleaver (Minotaur Berserker)           Turns: 14334, Time: 00:46:42

Health: -5/168     AC: 16    Str: 25    XL:     12   Next: 85%
Magic:  11/11      EV: 14    Int:  4    God:    Trog [*****.]
Gold:   909        SH:  0    Dex: 12    Spells: 11/11 levels left

rFire   + . .      SeeInvis .   U - +4 battleaxe (vorpal)
rCold   . . .      Faith    .   (shield currently unavailable)
rNeg    . . .      Spirit   .   e - +0 scale mail
rPois   .          Reflect  .   Q - +2 hat {Will+}
rElec   .          Harm     .   m - +0 cloak
rCorr   .          Rampage  .   o - +0 pair of gloves
Will    +....                   u - +1 pair of boots
Stlth   ..........              (no amulet)
HPRegen 0.38/turn               a - ring of protection from fire
MPRegen 0.12/turn               (no ring)

@: berserking (expiring), very quick
A: horns 2, retaliatory headbutt
a: Renounce Religion, Berserk, Trog's Hand, Brothers in Arms


You were on level 11 of the Dungeon.
You worshipped Trog.
Trog was extremely pleased with you.
You visited 1 branch of the dungeon, and saw 11 of its levels.
You also visited: Bailey.

You collected 942 gold pieces.
You spent 33 gold pieces at shops.

Inventory:

Hand Weapons
 G - a +4 dire flail
 J - a +3 halberd
 U - a +4 vorpal battleaxe (weapon)
Missiles
 g - 2 silver javelins (quivered)
 v - 2 throwing nets
 L - 18 poisoned darts
 R - 3 datura-tipped darts
 S - 2 curare-tipped darts
Armour
 e - a +0 scale mail (worn)
 m - a +0 cloak (worn)
 o - a +0 pair of gloves (worn)
 u - a +1 pair of boots (worn)
 F - the +3 hat of Lentoomy {rElec Regen+ Int+5}
   (You found it on level 7 of the Dungeon)

   Int:       It affects your intelligence (+5).
   rElec:     It insulates you from electricity.
   Regen:     It increases your rate of health regeneration.
 P - a +0 pair of boots
 Q - a +2 hat of willpower (worn)
Jewellery
 a - a ring of protection from fire (left hand)
 H - a ring of flight
 K - an amulet of magic regeneration
Wands
 q - a wand of acid (3)
 N - a wand of iceblast (2)
Scrolls
 c - 4 scrolls of fog
 l - 5 scrolls of immolation
 n - a scroll of holy word
 s - 5 scrolls of teleportation
 x - a scroll of enchant weapon {unknown}
 y - 2 scrolls of vulnerability
 z - 2 scrolls of enchant armour
 A - a scroll of amnesia {unknown}
 I - a scroll of brand weapon {unknown}
 M - a scroll of noise
Potions
 b - 5 potions of mutation
 h - a potion of ambrosia
 i - a potion of flight {unknown}
 j - a potion of attraction {unknown}
 k - 8 potions of curing
 p - a potion of haste {unknown}
 r - 2 potions of heal wounds
 w - a potion of cancellation
 B - 2 potions of might
 C - 3 potions of degeneration
 D - a potion of invisibility {unknown}
 E - a potion of brilliance {unknown}
 O - a potion of lignification {unknown}


   Skills:
 + Level 11.8 Fighting
 + Level 11.9 Axes
 + Level 11.6 Armour
 + Level 10.6 Dodging
 + Level 3.7 Stealth
 + Level 7.5 Evocations


You had 11 spell levels left.
You didn't know any spells.
Your spell library was empty.

Dungeon Overview and Level Annotations

Branches:
Dungeon (11/15)            Temple (0/1) D:6             Orc (0/2) D:10
 Bailey (visited)
   Lair: D:8-11

Altars:
Ashenzari
Dithmenos
Makhleb
Okawaru
Sif Muna
Vehumet

Shops:
D:2 ([!   D:7 [

Annotations:
D:3 exclusion: statue


Innate Abilities, Weirdness & Mutations

You have a pair of horns on your head.
You reflexively headbutt those who attack you in melee.


Message History

The skeletal warrior completely misses you.
The skeletal warrior hits you from afar with a +0 trident!
The skeletal warrior barely misses you.
A red film seems to cover your vision as you go berserk!
You feel yourself moving faster!
You feel mighty!
The skeletal warrior hits you with a +0 mace!
The skeletal warrior hits you from afar with a +0 trident!!
* * * LOW HITPOINT WARNING * * *
You slice the skeletal warrior!!
The skeletal warrior is heavily damaged.
You hit the skeletal warrior. You headbutt the skeletal warrior!
The skeletal warrior is severely damaged.
The skeletal warrior barely misses you. The skeletal warrior misses you.
You slice the skeletal warrior!!
You destroy the skeletal warrior!
Trog accepts your kill.
The skeletal warrior hits you from afar with a +0 trident!
* * * LOW HITPOINT WARNING * * *
The skeletal warrior hits you with a +0 trident!
* * * LOW HITPOINT WARNING * * *
The skeletal warrior hits you but does no damage.
You closely miss the skeletal warrior.
You hit the skeletal warrior but do no damage.
The skeletal warrior hits you with a +0 trident.
* * * LOW HITPOINT WARNING * * *
You slice the skeletal warrior!!
The skeletal warrior is heavily damaged.
You slash the skeletal warrior!
The skeletal warrior hits you but does no damage.
The skeletal warrior hits you with a +0 trident!
* * * LOW HITPOINT WARNING * * *
You slice the skeletal warrior!!
The skeletal warrior is almost destroyed.
You slash the skeletal warrior! The skeletal warrior barely misses you.
You slice the skeletal warrior!!
You destroy the skeletal warrior!
Trog accepts your kill.
You slash the skeletal warrior!
The skeletal warrior hits you with a +0 trident!
You die...

#.....#.........#
....#####.....#.........'
..............#.........#
..............#.........#
.............'.........#
............#.........#
######.........###########
#....#.................[..
#....'..)@........>.......
#....#..z.)...............
#....#...##########.......
#....#.### #.......
######.# ###..... ..#
#..... ...# ###... ....#
#### ######


You could see a skeletal warrior.

Vanquished Creatures
  Gastronok (D:10)
  A hydra (D:11)
  Nergalle (D:10)
  2 skeletal warriors (D:11)
  A wizard (D:9)
  Pikel (D:6)
  The ghost of Zeld the Thaumaturge, a novice DEFE of Vehumet (D:6)
  An unseen horror (D:10)
  A troll (D:9)
  Prince Ribbit (D:6)
  A shadow (D:9)
  14 yaks
  A wyvern (D:9)
  A steam dragon (D:8)
  Menkaure (D:7)
  15 orc warriors
  3 ice beasts
  A sky beast (D:6)
  16 centaurs
  2 kobold brigands
  A wyvern zombie (D:9)
  4 bullfrogs
  2 gnoll sergeants
  3 scorpions
  A water moccasin skeleton (D:6)
  11 killer bees
  9 wights (D:8)
  4 howler monkeys
  8 hounds
  2 bullfrog zombies
  9 centaur zombies
  5 gnoll shamans
  6 orc priests
  2 jellies
  A bullfrog skeleton (D:6)
  12 orc wizards
  A howler monkey zombie (D:8)
  Robin (D:3)
  27 gnolls
  5 adders
  A howler monkey skeleton (D:7)
  3 white imps
  An ufetubus (D:7)
  2 worms
  2 dart slugs (D:3)
  84 orcs
  6 ball pythons
  4 endoplasms
  7 hobgoblins
  14 jackals
  12 kobolds
  3 quokkas
  3 bats
  3 frilled lizards
  18 goblins
  4 rats
347 creatures vanquished.

Vanquished Creatures (others)
  A centaur (D:8)
  An orc (Bailey)
  13 plants (D:4)
15 creatures vanquished.

Grand Total: 362 creatures vanquished

Notes
Turn   | Place    | Note
-------+----------+-------------------------------------------
     0 | D:1      | themarg the Minotaur Berserker began the quest for the Orb.
     0 | D:1      | Reached XP level 1. HP: 19/19 MP: 0/0
  1123 | D:1      | Found a faded altar of an unknown god.
  1213 | D:1      | Reached XP level 2. HP: 27/27 MP: 1/1
  1729 | D:2      | Reached XP level 3. HP: 33/33 MP: 2/2
  1811 | D:2      | Found Pammeym's Distillery.
  1836 | D:2      | Bought a potion of curing for 33 gold pieces
  1868 | D:2      | Found Gecloff's Antique Armour Emporium.
  1907 | D:2      | Found Hacw's Antique Weapon Shop.
  2373 | D:3      | Reached ** piety under Trog
  2435 | D:3      | Reached XP level 4. HP: 39/40 MP: 3/3
  2506 | D:3      | Found a radiant altar of Vehumet.
  2506 | D:3      | Noticed a frost-covered statue
  2580 | D:3      | Noticed Robin
  2595 | D:3      | Killed Robin
  2958 | D:4      | You fall into a shaft and drop 2 floors!
  2958 | D:6      | Noticed a scorpion
  2959 | D:6      | Found a runed translucent door.
  2959 | D:6      | Noticed a bullfrog
  2961 | D:6      | Noticed a bullfrog
  2974 | D:6      | Killed a scorpion
  2975 | D:6      | Reached XP level 5. HP: 47/47 MP: 4/4
  3114 | D:5      | Entered Level 5 of the Dungeon
  3131 | D:5      | Reached skill level 5 in Fighting
  3131 | D:5      | Reached skill level 5 in Axes
  3335 | D:5      | Reached XP level 6. HP: 49/56 MP: 5/5
  3967 | D:4      | Reached skill level 5 in Armour
  3967 | D:4      | Reached XP level 7. HP: 62/62 MP: 6/6
  3971 | D:4      | Reached *** piety under Trog
  4124 | D:4      | Reached skill level 5 in Dodging
  4889 | D:4      | Reached XP level 8. HP: 71/71 MP: 7/7
  5325 | D:5      | Found a burning altar of Makhleb.
  5325 | D:5      | Found a shadowy altar of Dithmenos.
  5339 | D:5      | Found a shimmering blue altar of Sif Muna.
  5339 | D:5      | Found an iron altar of Okawaru.
  5441 | D:5      | Reached skill level 1 in Evocations
  5495 | D:5      | Found a broken altar of Ashenzari.
  5596 | D:5      | Reached **** piety under Trog
  5885 | D:6      | Noticed Zeld's ghost (novice DEFE)
  5939 | D:6      | Found a staircase to the Ecumenical Temple.
  5947 | D:6      | Noticed Pikel
  5959 | D:6      | Killed Pikel
  5960 | D:6      | Reached XP level 9. HP: 68/81 MP: 8/8
  6728 | D:6      | Noticed Prince Ribbit
  6747 | D:6      | Killed Prince Ribbit
  6970 | D:6      | Killed Zeld's ghost
  7268 | D:7      | Reached XP level 10. HP: 69/90 MP: 9/9
  7723 | D:7      | Noticed Menkaure
  7734 | D:7      | Killed Menkaure
  8321 | D:7      | Found Vaqu Zicu's Armour Boutique.
  8401 | D:7      | Identified the +3 hat of Lentoomy {rElec Regen+ Int+5}
  8804 | D:8      | Reached skill level 5 in Evocations
  9159 | D:8      | Reached ***** piety under Trog
  9456 | D:9      | Noticed a wizard
  9486 | D:9      | Killed a wizard
  9487 | D:9      | Reached skill level 10 in Fighting
  9487 | D:9      | Reached skill level 10 in Axes
  9500 | D:9      | Identified the +0 robe of Meager Amelioration {Dex+6}
  9609 | D:9      | Reached XP level 11. HP: 99/99 MP: 10/10
  9920 | D:10     | Entered Level 10 of the Dungeon
  9980 | D:10     | Noticed Nergalle
  9990 | D:10     | Killed Nergalle
  9991 | D:10     | Reached skill level 10 in Armour
 10003 | D:10     | Noticed Gastronok
 10023 | D:10     | Killed Gastronok
 10080 | D:10     | Found a flagged portal.
 10091 | Bailey   | Entered a bailey
 13022 | D:10     | Received a gift from Trog
 13316 | D:10     | Reached skill level 1 in Stealth
 13649 | D:10     | Found a staircase to the Orcish Mines.
 13975 | D:10     | Reached skill level 10 in Dodging
 13975 | D:10     | Reached XP level 12. HP: 110/110 MP: 11/11
 13977 | D:11     | Noticed an eight-headed hydra
 13989 | D:11     | Killed an eight-headed hydra
 14332 | D:11     | HP: 3/168 [skeletal warrior/+0 trident[a skeletal warrior]
                  | (17)]
 14334 | D:11     | Slain by a skeletal warrior

Illustrated notes

Levels and vault maps discovered:
D:1:      ncdulo_smallfort, layout_basic, ebering_ecumenical_altar_hall,
          corexii_corridor_pit
D:2:      layout_loops_ring, serial_shops, shop, shop_statue, shop_coins,
          minmay_tromino_v7
D:3:      layout_loops_ring, vehumet_statue, hangedman_decor_riveting,
          uniq_robin
D:4:      lemuel_castle_with_subvaults [lemuel_castle_interior_carwin_3],
          layout_gridville, serial_forest, infiniplex_forest_clump_curved,
          infiniplex_forest_pool, infiniplex_forest_clump_tiny,
          infiniplex_forest_clump_medium, infiniplex_forest_clump_curved,
          infiniplex_forest_clump_double, infiniplex_forest_corner_1,
          infiniplex_forest_pool, amcnicky_mini_corridor_feature
D:5:      layout_rooms, grunt_temple_overflow_open,
          mainiacjoe_overflow_brackets, nrook_mini_backslash, skrybe_limestone_x
D:6:      layout_basic, minmay_temple_entry_stoned_glass, ebering_ghost_sewer_d,
          uniq_pikel, uniq_prince_ribbit1
D:7:      layout_cave_pods, serial_shops, kennysheep_mini,
          minmay_fractal_squares_gapless_5, uniq_menkaure
D:8:      layout_basic, minmay_misc_feat_cross
D:9:      minmay_skewed_foursquare, layout_rooms
D:10:     layout_rooms, david_orc_4, enter_bailey_4, serial_curves,
          eino_curves_01, eino_curves_02, uniq_gastronok, uniq_nergalle
D:11:     erik_cavepeople, layout_irregular_city, david_lair_shrubbed,
          gammafunk_ghost_cemetery, serial_shops, statue_bzr

Skill      XL: |  1  2  3  4  5  6  7  8  9 10 11 |
---------------+----------------------------------+-----
Fighting       | 4 5 6 7 8 10 11 | 11.8
Axes           | 4 5 6 7 8 10 11 | 11.9
Armour         | 3 4 5 6 7 8 9 11 | 11.6
Dodging        | 3 4 5 6 7 8 10 | 10.6
Evocations     | 2 4 5 7 |  7.5
Stealth        | 3 |  3.7

Action                   |  1- 3 |  4- 6 |  7- 9 | 10-12 || total
-------------------------+-------+-------+-------+-------++-------
Melee: Hand axe          |    82 |   108 |   271 |   400 ||   861
       Headbutt          |     9 |    20 |    56 |   108 ||   193
       Punch             |       |       |     4 |     6 ||    10
       Battleaxe         |       |       |       |    60 ||    60
       Halberd           |       |       |       |    34 ||    34
       Executioner's axe |       |       |       |    10 ||    10
       Dire flail        |       |       |       |     6 ||     6
Throw: Dart              |       |       |       |     8 ||     8
Invok: Berserk           |     1 |     4 |     5 |    12 ||    22
       Trog's Hand       |       |       |     1 |       ||     1
  Use: Potion            |       |       |     1 |     2 ||     3
       Scroll            |       |       |     4 |     9 ||    13
Armor: Animal skin       |    13 |       |       |       ||    13
       Scale mail        |     5 |    56 |   134 |   341 ||   536
Dodge: Dodged            |    51 |    53 |   223 |   525 ||   852
